 Dungeon Crawl Stone Soup version 0.23.2-1-ga50397a (webtiles) character file.

Game seed: 100587777163666710

18 sanboga the Skirmisher (level 2, 17/20 HPs)
             Began as a Gargoyle Berserker on Apr 30, 2019.
             Was a Follower of Trog.
             Quit the game on level 1 of the Dungeon.
             The game lasted 00:02:31 (1128 turns).

sanboga the Skirmisher (Gargoyle Berserker)         Turns: 1128, Time: 00:02:32

Health: 17/20      AC:  6    Str: 20    XL:     2   Next: 66%
Magic:  2/2        EV: 12    Int:  7    God:    Trog [*.....]
Gold:   58         SH:  0    Dex: 11    Spells: 1/1 levels left

rFire    . . .     SeeInvis .   a - +0 hand axe
rCold    . . .     Gourm    .   (no shield)
rNeg     + . .     Faith    .   b - +0 animal skin
rPois    ∞         Spirit   .   (no helmet)
rElec    +         Reflect  .   h - +1 cloak
rCorr    .         Harm     .   (no gloves)
MR       .....                  (no boots)
Stlth    ++........             (no amulet)
HPRegen  0.06/turn              (no ring)
MPRegen  0.08/turn              (no ring)

@: no status effects
A: thin skeletal structure 1, deformed body, negative energy resistance 1, sense
surroundings 1, robust 1, electricity resistance, unbreathing, petrification
resistance, rot immunity, AC +2
a: Berserk, Renounce Religion


You were on level 1 of the Dungeon.
You worshipped Trog.
Trog was aware of your devotion.
You were not hungry.

You visited 1 branch of the dungeon, and saw 1 of its levels.

You collected 58 gold pieces.

Inventory:

Hand Weapons
 a - a +0 hand axe (weapon)
Armour
 b - a +0 animal skin (worn)
 h - a +1 cloak (worn)
Scrolls
 e - a scroll of remove curse
Potions
 k - a potion of heal wounds {unknown}
 l - a potion of curing {unknown}
Comestibles
 c - a ration
 i - 2 chunks of flesh


   Skills:
 + Level 3.5 Fighting
 * Level 3.1 Axes
 + Level 2.5 Armour
 - Level 1.5 Dodging


You had one spell level left.
You didn't know any spells.
Your spell library was empty.

Dungeon Overview and Level Annotations

Branches:
Dungeon (1/15)

Altars:


Innate Abilities, Weirdness & Mutations

You are resistant to torment.
Your stone body is resilient. (AC +2)
You are immune to poison.
You resist negative energy. (rN+)
You are resistant to electric shocks. (rElec)
You can survive without breathing.
You are immune to petrification.
You are immune to rotting.
You have a somewhat thin skeletal structure. (Dex +2, Stealth)
Armour fits poorly on your strangely shaped body.
You passively map a small area around you.
You are robust. (+10% HP)


Message History

You feel forgetful for a moment.
As you read the scroll labeled BEETSYQACETZ, it crumbles to dust.
You feel strangely unstable.
It was a scroll of teleportation.
As you read the scroll labeled MOIWKEUROV, it crumbles to dust.
You feel blessed for a moment.
It was a scroll of remove curse.
It was a potion of mutation.
You feel extremely strange.
You feel less in control of your magic.
Your regeneration stops near monsters.
You feel robust.
You feel jittery.
Really quaff the potion of mutation?
You feel extremely strange.
You regain control of your magic.
You feel frail.
You no longer feel jittery.
Your body twists and deforms.
You feel less in control of your magic.
Really quaff the potion of mutation?
You feel extremely strange.
You begin to regenerate regardless of the presence of monsters.
You regain control of your magic.
You feel a strange attunement to the structure of the dungeons.
Your bones become slightly less dense.
You feel robust.
Your surroundings seem slightly different.
Are you sure you want to abandon this character and quit the game? (Confirm with "yes".)

≈≈≈≈≈≈≈≈≈≈≈≈≈≈≈≈.....#.#########.
≈≈≈≈≈≈≈≈≈≈≈≈≈≈≈≈.....#.#.........
≈≈≈≈≈≈≈≈≈≈≈≈≈≈≈≈.....#.#.########
#≈≈≈≈≈≈≈#'#'#≈≈≈.....#.#.#
##'###'##...'≈≈≈.....#...#
'.......'...'≈≈≈.........#
#.#####.###'#≈≈≈.....###.#
..#...#...#≈≈≈≈........#.#
###...'.⌠.'≈≈≈..@..).#.#.#
###.<.'.⌠.'≈≈≈..⌠....#.#.#
..#...#...#≈≈≈≈...§..#÷#.#
#.#####.#'#'#≈≈≈.....#.#.#
#.......#...'≈≈≈....>#.#.#
##'###'##..>'≈≈≈....##.#.#
#≈≈≈≈≈≈≈#'#'#≈≈≈...###.#.#####
≈≈≈≈≈≈≈≈≈≈≈≈≈≈≈≈...# #.#.....#
≈≈≈≈≈≈≈≈≈≈≈≈≈≈≈≈...# #.#.###.#


There were no monsters in sight!

Vanquished Creatures
  A leopard gecko (D:1)
  3 goblins (D:1)
  5 hobgoblins (D:1)
  3 bats (D:1)
  2 frilled lizards (D:1)
  2 rats (D:1)
16 creatures vanquished.

Notes
Turn   | Place    | Note
-------+----------+-------------------------------------------
     0 | D:1      | sanboga the Gargoyle Berserker began the quest for the Orb.
     0 | D:1      | Reached XP level 1. HP: 14/14 MP: 1/1
   319 | D:1      | Reached XP level 2. HP: 12/19 MP: 2/2
  1125 | D:1      | Gained mutation: Your spells are a little harder to cast,
                  | but a little more powerful. [potion of mutation]
  1125 | D:1      | Gained mutation: You do not regenerate when monsters are
                  | visible. [potion of mutation]
  1125 | D:1      | Gained mutation: You are robust. (+10% HP) [potion of
                  | mutation]
  1125 | D:1      | Gained mutation: You can translocate small distances at
                  | will. [potion of mutation]
  1126 | D:1      | Lost mutation: Your spells are a little harder to cast, but
                  | a little more powerful. [potion of mutation]
  1126 | D:1      | Lost mutation: You are robust. (+10% HP) [potion of
                  | mutation]
  1126 | D:1      | Lost mutation: You can translocate small distances at will.
                  | [potion of mutation]
  1126 | D:1      | Gained mutation: Armour fits poorly on your strangely
                  | shaped body. [potion of mutation]
  1126 | D:1      | Gained mutation: Your spells are a little harder to cast,
                  | but a little more powerful. [potion of mutation]
  1127 | D:1      | Lost mutation: You do not regenerate when monsters are
                  | visible. [potion of mutation]
  1127 | D:1      | Lost mutation: Your spells are a little harder to cast, but
                  | a little more powerful. [potion of mutation]
  1127 | D:1      | Gained mutation: You passively map a small area around you.
                  | [potion of mutation]
  1127 | D:1      | Gained mutation: You have a somewhat thin skeletal
                  | structure. (Dex +2, Stealth) [potion of mutation]
  1127 | D:1      | Gained mutation: You are robust. (+10% HP) [potion of
                  | mutation]
  1128 | D:1      | Quit the game

Skill      XL: |  1 |
---------------+----+-----
Axes           | 3 |  3.1
Fighting       | |  3.5
Armour         | |  2.5
Dodging        | |  1.5

Action                   || total
-------------------------++-------
Melee: Hand axe          ||    62
Invok: Berserk           ||     1
  Use: Scroll            ||     4
       Potion            ||     3
  Eat: Chunk             ||     2
Armor: Animal skin       ||    36
Dodge: Dodged            ||    58
